 Dungeon Crawl Stone Soup version 0.20.0-8-g6b59dc7 (webtiles) character file.

9410 Azzok the Markscentaur (level 11, -1/84 HPs)
             Began as a Centaur Arcane Marksman on May 30, 2017.
             Was a Priest of Okawaru.
             Slain by a troll (7 damage)
             ... on level 10 of the Dungeon.
             The game lasted 00:37:51 (18988 turns).

Azzok the Markscentaur (Centaur Arcane Marksman)   Turns: 18988, Time: 00:37:52

Health: -1/84      AC: 12    Str: 16    XL:     11   Next: 22%
Magic:  13/14      EV:  1    Int: 10    God:    Okawaru [***...]
Gold:   426        SH:  0    Dex: -10 (10)Spells: 11/12 levels left

rFire    . . .     SeeInvis .   a - +0 shortbow
rCold    . . .     Gourm    .   (shield currently unavailable)
rNeg     . . .     Faith    .   O - +2 chain mail {MR+}
rPois    +         Spirit   .   t - +0 helmet
rElec    +         Reflect  .   q - scarf {repulsion}
rCorr    .         Harm     .   (no gloves)
MR       ++...                  (no barding)
Stlth    ..........             (no amulet)
Regen    0.3/turn               G - ring of protection from magic
MPRegen  0.2/turn               P - ring of poison resistance

@: heroism, slowed, lost dexterity, repel missiles
A: hooves 3, deformed body, deterioration 1, dopey 1, speed 2, low mp 1, robust
1, electricity resistance, tough skin 3, MP-powered wands
a: Heroism, Renounce Religion


You were on level 10 of the Dungeon.
You worshipped Okawaru.
Okawaru was most pleased with you.
You were hungry.

You visited 2 branches of the dungeon, and saw 11 of its levels.
You also visited: Sewer.

You collected 440 gold pieces.
You spent 14 gold pieces at shops.

Inventory:

Hand Weapons
 a - a +0 shortbow (weapon)
 b - a +2 dagger of venom
 y - a +2 falchion of holy wrath
Missiles
 d - 57 arrows (quivered)
Armour
 q - a scarf of repulsion (worn)
 t - a +0 helmet (worn)
 O - a +2 chain mail of magic resistance (worn)
Jewellery
 v - an uncursed ring of see invisible
 G - a ring of protection from magic (left hand)
 M - an uncursed ring of flight
 P - a ring of poison resistance (right hand)
Wands
 H - a wand of polymorph (8/24)
Scrolls
 e - 7 scrolls of teleportation
 g - 8 scrolls of identify
 j - 2 scrolls of magic mapping
 k - 6 scrolls of enchant armour
 p - 3 scrolls of fear
 s - a scroll of torment
 u - a scroll of enchant weapon
 w - 5 scrolls of recharging
 x - 4 scrolls of remove curse
 C - a scroll of immolation
 F - a scroll of blinking
 J - a scroll of amnesia
 N - a scroll of random uselessness {unknown}
Potions
 h - a potion of cancellation {unknown}
 l - 3 potions of mutation {unknown}
 n - 7 potions of curing
 r - 2 potions of brilliance {unknown}
 z - a potion of agility {unknown}
 A - 6 potions of heal wounds {unknown}
 B - 3 potions of might {unknown}
 D - a potion of lignification {unknown}
 E - 3 potions of magic {unknown}
 K - 2 potions of flight {unknown}
 L - a potion of invisibility {unknown}
Books
 c - a book of Debilitation

   Spells                             Type                      Level
   a - Corona                         Hexes                        1
   b - Slow                           Hexes                        2
   c - Inner Flame                    Hexes/Fire                   3
   d - Portal Projectile              Hexes/Translocation          3
   e - Cause Fear                     Hexes                        4
   f - Leda's Liquefaction            Hexes/Earth                  4
Miscellaneous
 Q - a phial of floods
Comestibles
 f - 9 bread rations
 i - 3 royal jellies
 o - 5 meat rations


   Skills:
 - Level 1.0(6.0) Fighting
 * Level 19.2(24.2) Bows
 - Level 1.3(6.3) Dodging
 - Level 1.0 Spellcasting
 - Level 2.6 Hexes
 + Level 7.4 Invocations


You had 11 spell levels left.
You knew the following spells:

 Your Spells              Type           Power        Failure   Level  Hunger
a - Corona                Hex            #......      86%         1    ##.....


Dungeon Overview and Level Annotations

Branches:
Dungeon (10/15)            Temple (1/1) D:7            Lair (0/6) D:9
    Orc (0/2) D:9

Altars:
Ashenzari
Dithmenos
Fedhas
Gozag
Hepliaklqana
Makhleb
Nemelex Xobeh
Okawaru
Sif Muna
Xom
Yredelemnul
The Shining One
Beogh

Shops:
D:5 %   D:6 !   D:10 *


Innate Abilities, Weirdness & Mutations

You have hooves in place of feet.
Armour fits poorly on your strangely shaped body.
You cover ground very quickly.
You have extremely tough skin. (AC +3)
Your body sometimes deteriorates upon taking damage.
You are dopey. (Int -2)
Your magical capacity is low. (-10% MP)
You are robust. (+10% HP)
You are resistant to electric shocks. (rElec)
You expend magic power (3 MP) to strengthen your wands.


Message History

The troll is severely wounded.
The troll bites you but does no damage.
The troll claws you but does no damage. x2
Firing (i - inventory):
d - 59 arrows (quivered)
Press: ? - help, Shift-Dir - straight line, f/p - troll
Aim: a troll (severely wounded)
You shoot an arrow. The arrow hits the troll!
The troll is almost dead.
The troll bites you but does no damage. The troll claws you.
* * * LOW HITPOINT WARNING * * *
The troll claws you!
* * * LOW HITPOINT WARNING * * *
Firing (i - inventory):
d - 58 arrows (quivered)
Press: ? - help, Shift-Dir - straight line, f/p - troll
Aim: a troll (almost dead)
You shoot an arrow. The arrow closely misses the troll.
The troll bites you.
* * * LOW HITPOINT WARNING * * *
The troll claws you.
* * * LOW HITPOINT WARNING * * *
The troll claws you!
You die...

▒(······ ▒···
▒··(··· ▒▒[·· ·····
······ ·(· ▒▒▒···
▒▒'▒ ▒··< ▒(·▒ ▒▒·▒
▒(▒▒ ▒· ▒T▒ ▒▒ ▒@▒
▒▒'▒▒▒▒▒▒▒▒ ▒▒▒
▒·········▒ ▒▒▒▒··
▒·········▒ ▒··'··
▒·····<···▒▒▒▒·▒▒··
▒·········▒▒···▒▒··
▒·········▒▒·▒▒▒▒··
▒·········'··▒ ▒··
▒·········▒▒▒▒ ▒▒▒


You could see a troll.

Vanquished Creatures
  A hydra (D:10)
  2 two-headed ogres
  The ghost of MDvedh the Grappler, a novice TrHu of Qazlal (D:10)
  Pikel (D:7)
  A komodo dragon (D:9)
  Prince Ribbit (D:8)
  2 hippogriffs
  A wyvern (D:9)
  A wraith (D:10)
  A water moccasin (D:10)
  3 ice beasts
  A black bear (D:7)
  3 orc warriors (D:9)
  A porcupine (D:9)
  3 sky beasts
  2 slaves
  2 phantoms
  A necrophage (D:5)
  7 ogres
  3 centaurs
  A crocodile (D:8)
  4 big kobolds
  Blork the orc (D:5)
  5 bullfrogs
  A wyvern skeleton (D:6)
  2 scorpions
  6 killer bees
  4 wights (D:9)
  4 howler monkeys
  A bullfrog zombie (D:5)
  2 quasits
  2 jellies
  2 bullfrog skeletons
  6 orc wizards
  5 orc priests
  5 hounds
  2 centaur skeletons
  Terence (D:3)
  3 iguanas
  11 worker ants
  A hound zombie (D:10)
  2 hound skeletons
  A mummy (D:4)
  Robin (D:3)
  7 gnolls
  13 adders
  5 river rats (Sewer)
  An ooze (D:3)
  An adder skeleton (D:6)
  4 worms
  3 dart slugs
  2 leopard geckos
  30 orcs
  10 giant cockroaches
  8 hobgoblins
  10 jackals
  6 quokkas
  7 ball pythons
  8 bats
  4 frilled lizards
  16 goblins
  37 kobolds
  25 rats
308 creatures vanquished.

Vanquished Creatures (others)
  A bullfrog (D:8)
  An orc (D:8)
  2 jackals (D:8)
  4 plants (D:9)
8 creatures vanquished.

Grand Total: 316 creatures vanquished

Notes
Turn   | Place    | Note
-------+----------+-------------------------------------------
     0 | D:1      | Azzok the Centaur Arcane Marksman began the quest for the Orb.
     0 | D:1      | Reached XP level 1. HP: 16/16 MP: 2/2
   159 | D:1      | Reached skill level 3 in Bows
   485 | D:1      | Reached XP level 2. HP: 11/23 MP: 3/3
   884 | D:1      | Reached skill level 4 in Bows
   922 | D:1      | HP: 1/23 [jackal (3)]
  1574 | D:2      | Reached XP level 3. HP: 24/28 MP: 4/4
  2229 | D:2      | Reached skill level 5 in Bows
  2676 | D:3      | Found a shattered altar of Ashenzari.
  3046 | D:3      | Noticed Robin
  3084 | D:3      | Reached XP level 4. HP: 20/35 MP: 5/5
  3124 | D:3      | Killed Robin
  3125 | D:3      | Reached skill level 6 in Bows
  4310 | D:3      | Reached XP level 5. HP: 40/40 MP: 6/6
  4362 | D:3      | Reached skill level 7 in Bows
  4668 | D:3      | Noticed Terence
  4700 | D:3      | Killed Terence
  5105 | D:4      | Reached skill level 8 in Bows
  5129 | D:4      | Found a shimmering altar of Xom.
  5469 | D:4      | Reached XP level 6. HP: 20/47 MP: 7/7
  5709 | D:4      | Found a glowing drain.
  5773 | Sewer    | Entered a sewer
  6293 | Sewer    | Reached skill level 9 in Bows
  7677 | D:4      | Reached skill level 10 in Bows
  7684 | D:4      | Reached XP level 7. HP: 52/52 MP: 8/8
  8286 | D:5      | Entered Level 5 of the Dungeon
  8439 | D:5      | Reached skill level 11 in Bows
  8518 | D:5      | Found Mitre's Food Boutique.
  8623 | D:5      | Noticed Blork the orc
  8646 | D:5      | Reached skill level 12 in Bows
  8681 | D:5      | Killed Blork the orc
  8681 | D:5      | Reached XP level 8. HP: 28/59 MP: 9/9
  9037 | D:5      | Found a basalt altar of Yredelemnul.
  9680 | D:6      | Found Toxei's Distillery.
  9683 | D:6      | Bought a potion of degeneration for 14 gold pieces
  9726 | D:6      | Reached skill level 13 in Bows
 10114 | D:6      | Reached skill level 14 in Bows
 10518 | D:7      | Found a shadowy altar of Dithmenos.
 10585 | D:7      | Reached XP level 9. HP: 37/64 MP: 10/10
 10880 | D:7      | Reached skill level 15 in Bows
 11028 | D:7      | Gained mutation: You are robust. (+10% HP) [mutagenic meat]
 11029 | D:7      | Gained mutation: Your body sometimes deteriorates upon taking damage. [mutagenic meat]
 11030 | D:7      | Gained mutation: Your magical capacity is low. (-10% MP) [mutagenic meat]
 11031 | D:7      | Gained mutation: You are dopey. (Int -2) [mutagenic meat]
 11032 | D:7      | Gained mutation: You expend magic power (3 MP) to strengthen your wands. [mutagenic meat]
 11033 | D:7      | Gained mutation: You are resistant to electric shocks. (rElec) [mutagenic meat]
 11895 | D:7      | Found a staircase to the Ecumenical Temple.
 11901 | Temple   | Entered the Ecumenical Temple
 11971 | Temple   | Became a worshipper of Warmaster Okawaru
 12273 | D:8      | Reached skill level 16 in Bows
 12328 | D:8      | Reached skill level 1 in Invocations
 12440 | D:8      | Noticed Pikel
 12442 | D:8      | Noticed Prince Ribbit
 12513 | D:8      | Killed Prince Ribbit
 12587 | D:7      | Killed Pikel
 12587 | D:7      | Reached * piety under Okawaru
 12976 | D:8      | Found an opulent altar of Gozag.
 13376 | D:8      | Reached XP level 10. HP: 50/78 MP: 11/11
 13695 | D:9      | Found a burning altar of Makhleb.
 13714 | D:9      | Reached skill level 17 in Bows
 14555 | D:9      | Reached ** piety under Okawaru
 14599 | D:9      | Found a staircase to the Orcish Mines.
 14821 | D:9      | Found a staircase to the Lair.
 15024 | D:9      | Reached skill level 5 in Invocations
 15777 | D:9      | Found a roughly hewn altar of Beogh.
 15863 | D:9      | HP: 3/78 [komodo dragon (14)]
 16555 | D:9      | Reached skill level 18 in Bows
 16619 | D:9      | Noticed a two-headed ogre
 16630 | D:9      | Killed a two-headed ogre
 16784 | D:9      | Reached *** piety under Okawaru
 16923 | D:10     | Entered Level 10 of the Dungeon
 17331 | D:10     | Noticed a two-headed ogre
 17380 | D:10     | Killed a two-headed ogre
 17460 | D:10     | Noticed MDvedh's ghost (novice TrHu)
 17464 | D:10     | Reached XP level 11. HP: 84/84 MP: 14/14
 17471 | D:10     | Noticed an eight-headed hydra
 17543 | D:10     | Killed MDvedh's ghost
 17543 | D:10     | Reached skill level 19 in Bows
 17975 | D:10     | Found Emmy's Assorted Antiques.
 18308 | D:10     | Killed an eight-headed hydra
 18308 | D:10     | Received a gift from Okawaru
 18458 | D:10     | Lost dexterity.
 18988 | D:10     | Slain by a troll

Skill      XL: |  1  2  3  4  5  6  7  8  9 10 11 |
---------------+----------------------------------+-----
Bows           | 3 4 5 6 8 10 12 14 16 18 19 | 19.2
Invocations    | 3 6 7 |  7.4
Fighting       | |  1.0
Dodging        | |  1.3
Spellcasting   | |  1.0
Hexes          | |  2.6

Action                   |  1- 3 |  4- 6 |  7- 9 | 10-12 || total
-------------------------+-------+-------+-------+-------++-------
Melee: Dagger            |   151 |   101 |   143 |   149 ||   544
       Kick              |    41 |    46 |    50 |    25 ||   162
       Falchion          |    51 |   139 |    26 |    63 ||   279
 Fire: Shortbow          |    11 |   181 |   434 |   454 ||  1080
Invok: Heroism           |       |       |       |     8 ||     8
  Use: Scroll            |       |       |     7 |     6 ||    13
       Potion            |       |       |       |     1 ||     1
  Eat: Chunk             |     6 |    12 |    21 |    12 ||    51
       Fruit             |       |       |       |     2 ||     2
       Royal jelly       |       |       |       |     1 ||     1
Armor: Robe              |    85 |       |       |       ||    85
       Scale mail        |    28 |     3 |       |       ||    31
       Chain mail        |       |   206 |    79 |   403 ||   688
       Plate armour      |       |       |   105 |   121 ||   226
Dodge: Dodged            |   104 |    86 |    27 |    83 ||   300
       Deflected         |     2 |     2 |     6 |       ||    10
       Rpst.: Falchion   |     4 |    11 |       |     4 ||    19
